 Dungeon Sprint DCSS version 0.29-a0-319-gad05b8d819 (webtiles) character file.

Game seed: 2509328056878252967

359 Turgor the Cleaver (level 6, 0/91 HPs)
             Began as a Minotaur Berserker on Mar 31, 2022.
             Was a Believer of Trog.
             Slain by a boulder beetle (31 damage)
             ... in the Dungeon (Sprint II: "The Violet Keep of Menkaure") on Apr 1, 2022.
             The game lasted 00:02:01 (267 turns).

Turgor the Cleaver (Minotaur Berserker)              Turns: 267, Time: 00:02:02

Health: 0/91       AC:  2    Str: 21    XL:     6   Next: 37%
Magic:  5/5        EV: 14    Int:  4    God:    Trog [**....]
Gold:   486        SH:  0    Dex: 12    Spells: 5/5 levels left

rFire   . . .      SeeInvis .   a - +0 hand axe
rCold   . . .      Faith    .   (no shield)
rNeg    . . .      Spirit   .   b - +0 animal skin
rPois   .          Reflect  .   (helmet restricted)
rElec   .          Harm     .   (no cloak)
rCorr   .          Rampage  .   (no gloves)
Will    .....      NoTele   +   (no boots)
Stlth   ..........              (no amulet)
HPRegen 0.25/turn               (no ring)
MPRegen 0.09/turn               (no ring)

@: berserking, very quick
A: horns 2, retaliatory headbutt
a: Renounce Religion, Berserk, Trog's Hand


You were in the Dungeon.
You worshipped Trog.
Trog was pleased with you.
You visited 1 branch You collected 486 gold pieces.

Inventory:

Hand Weapons
 a - a +0 hand axe (weapon)
Armour
 b - a +0 animal skin (worn)
Scrolls
 h - a scroll of blinking
Potions
 c - a potion of curing
 d - a potion of heal wounds
 e - a potion of haste
 f - 2 potions of magic
 g - a potion of berserk rage


   Skills:
 + Level 8.2 Fighting
 * Level 11.0 Axes
 - Level 7.6 Armour
 - Level 6.9 Dodging


You had 5 spell levels left.
You didn't know any spells.
Your spell library was empty.

Dungeon Overview and Level Annotations

Branches:
Dungeon (1/1)

Altars:


Innate Abilities, Weirdness & Mutations

You have a pair of horns on your head.
You reflexively headbutt those who attack you in melee.


Message History

The worm barely misses you.
There is an open door here.
You see here a worm corpse.
You hit the worm. You headbutt the worm!
The worm is almost dead.
You hit the worm but do no damage. Your headbutt misses the worm.
The worm is almost dead.
The worm closely misses you.
You hit the worm.
You kill the worm!
Trog accepts your kill.
Found 243 gold pieces.
You now have 486 gold pieces (gained 243).
There is an open door here.
You see here a worm corpse.
There is an open door here.
You see here a worm corpse.
There is a staircase leading out of the dungeon here.
You open the door. 2 boulder beetles come into view.
The walls and floor vibrate strangely for a moment.
Found 243 gold pieces.
A red film seems to cover your vision as you go berserk!
You feel yourself moving faster!
You feel mighty!
The boulder beetle leaps!
You hit the boulder beetle but do no damage.
You hit the boulder beetle but do no damage.
You headbutt the boulder beetle.
The boulder beetle is lightly wounded.
The boulder beetle bites you.
The boulder beetle leaps!
You hit the boulder beetle.
The boulder beetle is lightly wounded.
You slash the boulder beetle! You slash the boulder beetle!
You headbutt the boulder beetle, but do no damage.
The boulder beetle is moderately wounded.
You hit the boulder beetle. The boulder beetle bites you!! x2
You hit the boulder beetle but do no damage.
The boulder beetle is moderately wounded.
You completely miss the boulder beetle. The boulder beetle bites you!!
You die...

##+## ##...##
#..#..# #
##.).#### ##.
##'###.#
#°.$##.##.###
#B@<.†##.+
#...##B##...#
##. #+###.##
# ###


You could see 2 boulder beetles.

Vanquished Creatures
  A merfolk siren (D)
  3 worms (D)
4 creatures vanquished.

Vanquished Creatures (others)
  Menkaure (D)
  A water moccasin (D)
2 creatures vanquished.

Grand Total: 6 creatures vanquished

Notes
Turn   | Place    | Note
-------+----------+-------------------------------------------
     0 | D        | Turgor the Minotaur Berserker began the quest for the Orb.
     0 | D        | Reached XP level 1. HP: 19/19 MP: 0/0
     1 | D        | Noticed a merfolk siren
    11 | D        | Killed a merfolk siren
    12 | D        | Reached skill level 10 in Axes
    12 | D        | Reached XP level 2. HP: 12/35 MP: 1/1
    12 | D        | Upgraded the game from 0.29-a0-317-gd16b76e6b1 to
                  | 0.29-a0-319-gad05b8d819
    12 | D        | Reached XP level 3. HP: 14/40 MP: 2/2
    12 | D        | Reached XP level 4. HP: 17/48 MP: 3/3
    12 | D        | Reached XP level 5. HP: 19/53 MP: 4/4
    12 | D        | Reached XP level 6. HP: 22/61 MP: 5/5
    69 | D        | Killed a water moccasin
   140 | D        | Killed Menkaure
   240 | D        | Reached ** piety under Trog
   243 | D        | Reached skill level 11 in Axes
   261 | D        | Noticed a boulder beetle
   261 | D        | Noticed a boulder beetle
   267 | D        | Slain by a boulder beetle

Illustrated notes

Levels and vault maps discovered:
D:        the_violet_keep_of_menkaure [sprint2_stairs_cluster_1,
          sprint2_shoproom, sprint2_temple, sprint2_basic_supplies,
          sprint2_obstacle_2, sprint2_obstacle_7, sprint2_obstacle_5,
          sprint2_obstacle_6, sprint2_obstacle_1, sprint2_timed_cluster_1,
          sprint2_smallroom_cluster_1, sprint2_smallroom_final_cluster_1,
          sprint2_transparent_cluster_1, sprint2_second_timed_cluster_1,
          sprint2_sniper_area_1, sprint2_heavy_combat_area_1,
          sprint2_mutation_trap_area_1, sprint2_forest_area_1,
          sprint2_light_combat_area_1, sprint2_behind_water_1,
          sprint2_near_end_vault_1]

Skill      XL: |  1  2  3  4  5  6 |
---------------+-------------------+-----
Fighting       | 8 |  8.2
Axes           | 10 11 | 11.0
Armour         | 7 |  7.6
Dodging        | 6 |  6.9

Action                   |  1- 3 |  4- 6 || total
-------------------------+-------+-------++-------
Melee: Hand axe          |     6 |    14 ||    20
       Headbutt          |     1 |     5 ||     6
Invok: Berserk           |     1 |     1 ||     2
Dodge: Dodged            |     4 |     3 ||     7

Table legend: (Time is in decaauts)
 A = Elapsed time spent in this place.
 B = Non-inter-level travel time spent in this place.
 C = Inter-level travel time spent in this place.
 D = Time resting spent in this place.
 E = Time spent auto-exploring this place.
 F = Levels seen in this place.
 G = Mean time per level.
                   A        B        C        D        E       F      G
               +--------+--------+--------+--------+--------+-----+--------+
         Total |    270 |    270 |      0 |    221 |      0 |   1 |  270.0 |
       Dungeon |    270 |    270 |      0 |    221 |      0 |   1 |  270.0 |
               +--------+--------+--------+--------+--------+-----+--------+

Top non-repeatable levels by time:
       D: 270 daAuts
